 Dungeon Crawl Stone Soup version 0.25-a0-1056-g2efb326896 (webtiles) character file.

Game seed: 4547819146882141980, levelgen mode: deterministic

3068 wullow the Blocker (level 9, 0/81 HPs)
             Began as a Gnoll Fighter on May 13, 2020.
             Was an Initiate of Sif Muna.
             Slain by a killer bee (1 damage)
             ... on level 7 of the Dungeon.
             The game lasted 00:31:42 (10271 turns).

wullow the Blocker (Gnoll Fighter)                 Turns: 10271, Time: 00:31:43

Health: 0/81       AC:  9    Str: 19      XL:     9   Next: 88%
Magic:  15/15      EV: 11    Int: 12      God:    Sif Muna [......]
Gold:   278        SH: 12    Dex: 14 (16) Spells: 17/17 levels left

rFire    . . .     SeeInvis .   w - +1 dagger (speed)
rCold    . . .     Gourm    .   c - +1 kite shield
rNeg     . . .     Faith    .   b - +0 scale mail
rPois    .         Spirit   .   q - +0 helmet
rElec    .         Reflect  .   (no cloak)
rCorr    .         Harm     .   (no gloves)
MR       .....     Clarity  +   (no boots)
Stlth    +.........             G - amulet of regeneration
HPRegen  0.63/turn              (no ring)
MPRegen  0.14/turn              (no ring)

@: lethally poisoned (0 -> -1), very slightly contaminated, invisible
A: distributed training, fangs 1, clarity, robust 1, evolution 1, MP-powered
wands, strong nose
a: Renounce Religion


You were on level 7 of the Dungeon.
You worshipped Sif Muna.
Sif Muna was noncommittal.
You were not hungry.

You visited 2 branches of the dungeon, and saw 8 of its levels.
You also visited: Sewer and Ossuary.

You collected 278 gold pieces.

Inventory:

Hand Weapons
 a - a +0 rapier
 d - a +0 hunting sling
 w - a +1 dagger of speed (weapon)
 D - a +1 long sword of holy wrath
Missiles
 e - 30 poisoned darts (quivered)
 g - 349 stones
 p - 64 arrows
 t - 143 sling bullets
Armour
 b - a +0 scale mail (worn)
 c - a +1 kite shield (worn)
 h - a cursed +0 leather armour
 q - a +0 helmet (worn)
 C - a +0 buckler
Magical Staves
 y - an uncursed staff of wizardry {unknown}
Jewellery
 G - an amulet of regeneration (around neck)
Wands
 n - a wand of iceblast (2)
 r - a wand of digging (6)
 H - a wand of clouds (6)
Scrolls
 j - 5 scrolls of immolation
 l - 2 scrolls of enchant weapon
 x - 5 scrolls of fog
 z - 2 scrolls of fear
 K - 3 scrolls of magic mapping
 L - 2 scrolls of teleportation
Potions
 k - 3 potions of brilliance
 m - a potion of ambrosia
 o - 3 potions of curing
 s - a potion of invisibility
 u - a potion of resistance
 A - a potion of stabbing
 B - 2 potions of lignification
 E - 4 potions of heal wounds {unknown}
 I - 3 potions of magic {unknown}
 J - 3 potions of haste {unknown}
Comestibles
 f - 13 rations
 v - a chunk of flesh


   Skills:
 + Level 8.1 Fighting
 + Level 6.5 Short Blades
 + Level 4.5 Long Blades
 + Level 4.5 Axes
 + Level 4.5 Maces & Flails
 + Level 4.5 Polearms
 + Level 4.5 Staves
 + Level 4.5 Slings
 + Level 4.5 Bows
 + Level 4.5 Crossbows
 + Level 4.5 Throwing
 + Level 8.1 Armour
 + Level 4.5 Dodging
 + Level 4.5 Stealth
 + Level 8.1 Shields
 + Level 4.5 Unarmed Combat
 + Level 4.5 Spellcasting
 + Level 3.8 Conjurations
 + Level 3.8 Hexes
 + Level 3.8 Charms
 + Level 3.8 Summonings
 + Level 3.8 Necromancy
 + Level 3.8 Translocations
 + Level 3.8 Transmutations
 + Level 3.8 Fire Magic
 + Level 3.8 Ice Magic
 + Level 3.8 Air Magic
 + Level 3.8 Earth Magic
 + Level 3.8 Poison Magic
 + Level 5.0 Invocations
 + Level 4.5 Evocations


You had 17 spell levels left.
You didn't know any spells.
Your spell library contained the following spells:

 Spells                   Type           Power        Failure   Level  Hunger
 Freeze                   Ice            ##..         28%         1    None
 Frozen Ramparts          Ice            ##....       63%         3    ###....
 Ozocubu's Armour         Chrm/Ice       ##......     63%         3    ###....
 Hailstorm                Conj/Ice       ##......     95%         4    ####...
 Summon Ice Beast         Ice/Summ       ##......     95%         4    ####...


Dungeon Overview and Level Annotations

Branches:
Dungeon (7/15)             Temple (1/1) D:7           Sewer (visited)
Ossuary (visited)

Altars:
Ashenzari
Cheibriados
Dithmenos
Elyvilon
Fedhas
Gozag
Hepliaklqana
Makhleb
Nemelex Xobeh
Okawaru
Qazlal
Sif Muna
Uskayaw
Vehumet
Wu Jian
Xom
Yredelemnul
Zin
The Shining One

Annotations:
D:3 Purgy


Innate Abilities, Weirdness & Mutations

Your experience applies equally to all skills.
You have very sharp teeth.
Your uncanny sense of smell can sniff out nearby items.
You possess an exceptional clarity of mind.
You are robust. (+10% HP)
You evolve.
You expend magic power (3 MP) to strengthen your wands.


Message History

The killer bee is lightly wounded.
You feel sick. The killer bee stings you!
* * * LOW HITPOINT WARNING * * *
The killer bee barely misses you.
You feel better. The killer bee misses you. The killer bee stings you.
* * * LOW HITPOINT WARNING * * *
You are poisoned.
The killer bee poisons you!
The killer bee stings you but does no damage.
You block the killer bee's attack.
It was a potion of invisibility.
You fade into invisibility!
You feel sick. You block the killer bee's attack. x2
The killer bee completely misses you. The killer bee barely misses you.
You are very lightly contaminated with residual magic.
You feel sick. The killer bee stings you.
* * * LOW HITPOINT WARNING * * *
* * * LOW HITPOINT WARNING * * *
You feel sick. The killer bee stings you.
You die...

### #### ## #.########
###########..###.
##........####................
#..........yy@................
#.#########†y.................
#... ####................
#y.... ##..............<
#...... #......###......
#....... ##...### ####...
......... #.### ###.
...?....$.. ### ## ####### #


You could see 3 killer bees.

Vanquished Creatures
  Pikel (D:5)
  A cyclops (D:6)
  2 sky beasts
  2 ice beasts
  An eye of draining (D:6)
  2 slaves (D:5)
  2 ogres
  6 bullfrogs
  2 killer bees (D:7)
  4 wights (D:6)
  2 howler monkeys
  2 centaur zombies (Ossuary)
  2 quasits
  A bullfrog zombie (D:6)
  A human zombie (Ossuary)
  2 hounds
  An orc wizard (D:5)
  Ijyb (D:3)
  2 iguanas
  6 worker ants
  A hound skeleton (D:5)
  A howler monkey zombie (D:3)
  3 mummies (Ossuary)
  Robin (D:2)
  6 gnolls
  19 adders
  3 river rats
  2 worms
  4 dart slugs
  4 leopard geckos
  2 orcs (D:5)
  4 bats
  5 giant cockroaches
  7 hobgoblins
  10 jackals
  7 kobolds
  4 quokkas
  10 ball pythons
  8 frilled lizards
  2 gnoll zombies (Ossuary)
  14 goblins
  A goblin zombie (Ossuary)
  A kobold zombie (Ossuary)
  2 leopard gecko skeletons (D:6)
  An orc zombie (Ossuary)
  37 rats
202 creatures vanquished.

Notes
Turn   | Place    | Note
-------+----------+-------------------------------------------
     0 | D:1      | wullow the Gnoll Fighter began the quest for the Orb.
     0 | D:1      | Reached XP level 1. HP: 23/23 MP: 1/1
   183 | D:1      | Reached XP level 2. HP: 9/29 MP: 2/2
   639 | D:1      | Reached XP level 3. HP: 35/35 MP: 3/3
  1392 | D:2      | Reached skill level 1 in Invocations
  1643 | D:2      | Reached skill level 1 in Long Blades
  1643 | D:2      | Reached skill level 1 in Axes
  1643 | D:2      | Reached skill level 1 in Maces & Flails
  1643 | D:2      | Reached skill level 1 in Polearms
  1643 | D:2      | Reached skill level 1 in Staves
  1643 | D:2      | Reached skill level 1 in Slings
  1643 | D:2      | Reached skill level 1 in Bows
  1643 | D:2      | Reached skill level 1 in Crossbows
  1643 | D:2      | Reached skill level 1 in Throwing
  1643 | D:2      | Reached skill level 1 in Dodging
  1643 | D:2      | Reached skill level 1 in Stealth
  1643 | D:2      | Reached skill level 1 in Unarmed Combat
  1643 | D:2      | Reached skill level 1 in Spellcasting
  1643 | D:2      | Reached skill level 1 in Evocations
  1664 | D:2      | Reached XP level 4. HP: 38/41 MP: 5/5
  1679 | D:2      | Noticed Robin
  1700 | D:2      | Killed Robin
  1938 | D:2      | Reached skill level 1 in Conjurations
  1938 | D:2      | Reached skill level 1 in Hexes
  1938 | D:2      | Reached skill level 1 in Charms
  1938 | D:2      | Reached skill level 1 in Summonings
  1938 | D:2      | Reached skill level 1 in Necromancy
  1938 | D:2      | Reached skill level 1 in Translocations
  1938 | D:2      | Reached skill level 1 in Transmutations
  1938 | D:2      | Reached skill level 1 in Fire Magic
  1938 | D:2      | Reached skill level 1 in Ice Magic
  1938 | D:2      | Reached skill level 1 in Air Magic
  1938 | D:2      | Reached skill level 1 in Earth Magic
  1938 | D:2      | Reached skill level 1 in Poison Magic
  2589 | D:3      | Reached XP level 5. HP: 47/47 MP: 6/6
  2649 | D:3      | Noticed Purgy
  3092 | D:3      | Noticed Ijyb
  3158 | D:3      | Killed Ijyb
  3308 | D:3      | Found a hide-covered altar of Uskayaw.
  3308 | D:3      | Found a basalt altar of Yredelemnul.
  4211 | D:4      | Reached XP level 6. HP: 47/53 MP: 8/8
  4256 | D:4      | Found a sand-covered staircase.
  4261 | Ossuary  | Entered an ossuary
  4690 | Ossuary  | Reached skill level 5 in Short Blades
  4914 | D:4      | Reached XP level 7. HP: 32/59 MP: 10/10
  5494 | D:4      | You fall into a shaft and drop 1 floor!
  5494 | D:5      | Entered Level 5 of the Dungeon
  6345 | D:5      | Noticed Pikel
  6349 | D:5      | Killed Pikel
  6349 | D:5      | Reached XP level 8. HP: 67/67 MP: 12/12
  7293 | D:6      | Reached XP level 9. HP: 58/72 MP: 14/14
  7330 | D:6      | Found a glowing drain.
  7393 | Sewer    | Entered a sewer
  7903 | Sewer    | HP: 2/73 [bullfrog (3)]
  9165 | D:6      | Noticed a cyclops
  9212 | D:6      | Killed a cyclops
  9662 | D:6      | Found a shadowy altar of Dithmenos.
  9662 | D:6      | Found a hazy altar of Hepliaklqana.
  9662 | D:6      | Found an ornate altar of the Wu Jian Council.
  9785 | D:7      | Found a staircase to the Ecumenical Temple.
  9794 | Temple   | Entered the Ecumenical Temple
  9828 | Temple   | Became a worshipper of Sif Muna the Loreminder
  9938 | D:7      | Reached skill level 5 in Invocations
  9939 | D:7      | Gained mutation: You have sharp fingernails. [potion of
                  | mutation]
  9939 | D:7      | Gained mutation: You are clumsy. (Dex -2) [potion of
                  | mutation]
  9939 | D:7      | Gained mutation: You are somewhat resistant to further
                  | mutation. [potion of mutation]
  9940 | D:7      | Lost mutation: You are somewhat resistant to further
                  | mutation. [potion of mutation]
  9940 | D:7      | Lost mutation: You are clumsy. (Dex -2) [potion of
                  | mutation]
  9940 | D:7      | Lost mutation: You have sharp fingernails. [potion of
                  | mutation]
  9940 | D:7      | Gained mutation: You expend magic power (3 MP) to
                  | strengthen your wands. [potion of mutation]
  9940 | D:7      | Gained mutation: You evolve. [potion of mutation]
  9940 | D:7      | Gained mutation: You possess an exceptional clarity of
                  | mind. [potion of mutation]
  9940 | D:7      | Gained mutation: You are robust. (+10% HP) [potion of
                  | mutation]
 10267 | D:7      | HP: 3/81 [killer bee (7)]
 10270 | D:7      | HP: 1/81 [killer bee (6)]
 10271 | D:7      | Slain by a killer bee

Illustrated notes

Levels and vault maps discovered:
D:1:      dpeg_arrival_circle_labyrinth_c, layout_loops_ring
D:2:      layout_basic, nrook_mini_vaults, uniq_robin
D:3:      layout_loops_ring, gammafunk_temple_overflow_elements, uniq_ijyb,
          uniq_purgy
D:4:      minmay_angry_zag, layout_basic, enter_ossuary_2, chequers_arboretum
D:5:      layout_loops_ring, first_ration, kennysheep_generic_room_3, uniq_pikel
D:6:      layout_cave_pools, gammafunk_temple_overflow_forgotten,
          portal_sewer_entry_b
D:7:      layout_cave_pods, lemuel_round_altar, minmay_temple_entry_large_hall,
          serial_shops, nicolae_shop_stone
Temple:   jpeg_temple_clearing

Skill      XL: |  1  2  3  4  5  6  7  8  9 |
---------------+----------------------------+-----
Invocations    | 1 2 3 4 5 |  5.0
Long Blades    | 1 2 3 4 |  4.5
Axes           | 1 2 3 4 |  4.5
Maces & Flails | 1 2 3 4 |  4.5
Polearms       | 1 2 3 4 |  4.5
Staves         | 1 2 3 4 |  4.5
Slings         | 1 2 3 4 |  4.5
Bows           | 1 2 3 4 |  4.5
Crossbows      | 1 2 3 4 |  4.5
Throwing       | 1 2 3 4 |  4.5
Dodging        | 1 2 3 4 |  4.5
Stealth        | 1 2 3 4 |  4.5
Unarmed Combat | 1 2 3 4 |  4.5
Spellcasting   | 1 2 3 4 |  4.5
Evocations     | 1 2 3 4 |  4.5
Conjurations   | 1 2 3 |  3.8
Hexes          | 1 2 3 |  3.8
Charms         | 1 2 3 |  3.8
Summonings     | 1 2 3 |  3.8
Necromancy     | 1 2 3 |  3.8
Translocations | 1 2 3 |  3.8
Transmutations | 1 2 3 |  3.8
Fire Magic     | 1 2 3 |  3.8
Ice Magic      | 1 2 3 |  3.8
Air Magic      | 1 2 3 |  3.8
Earth Magic    | 1 2 3 |  3.8
Poison Magic   | 1 2 3 |  3.8
Short Blades   | 5 6 |  6.5
Fighting       | 7 8 |  8.1
Armour         | 7 8 |  8.1
Shields        | 7 8 |  8.1

Action                   |  1- 3 |  4- 6 |  7- 9 || total
-------------------------+-------+-------+-------++-------
Melee: Rapier            |    58 |       |       ||    58
       Bite              |     8 |    68 |   147 ||   223
       Dagger            |    26 |   550 |  1061 ||  1637
 Fire: Hunting sling     |       |     4 |       ||     4
Throw: Dart              |       |     6 |       ||     6
Evoke: Wand              |       |     1 |     4 ||     5
  Use: Potion            |       |     1 |     7 ||     8
       Scroll            |       |     8 |    12 ||    20
 Stab: Distracted        |       |       |     1 ||     1
  Eat: Chunk             |     2 |     3 |    16 ||    21
       Ration            |       |     2 |     1 ||     3
Armor: Scale mail        |     9 |   141 |   208 ||   358
       Skin              |       |     3 |       ||     3
Dodge: Dodged            |    19 |   101 |   242 ||   362
Block: Kite shield       |    43 |   237 |   435 ||   715

Table legend:
 A = Non-vault XP
 B = Vault XP
 C = Vault XP percentage of total XP
 D = Non-vault monster count
 E = Vault monster count
 F = Vault count percentage of total count
                 A         B        C        D         E       F
            +---------+---------+-------+---------+---------+-------
      Total |    3068 |    1316 |  30.0 |     117 |      83 |  41.5
            +---------+---------+-------+---------+---------+-------
        D:1 |      54 |       0 |   0.0 |      18 |       0 |   0.0
        D:2 |      75 |      35 |  31.8 |      21 |      11 |  34.4
        D:3 |      54 |      36 |  40.0 |      15 |       1 |   6.2
        D:4 |     364 |      50 |  12.1 |      22 |       3 |  12.0
        D:5 |     545 |     617 |  53.1 |      13 |       1 |   7.1
        D:6 |    1636 |      26 |   1.6 |      21 |       8 |  27.6
        D:7 |     252 |       0 |   0.0 |       6 |       0 |   0.0
     Temple |      88 |       0 |   0.0 |       1 |       0 |   0.0
      Sewer |       0 |     354 | 100.0 |       0 |      48 | 100.0
    Ossuary |       0 |     198 | 100.0 |       0 |      11 | 100.0
            +---------+---------+-------+---------+---------+-------
